Map: Blackburn LE

Players

Pumba - Winner!

  • Race: Protoss Protoss
  • League: Silver
  • Spawn Location: 7:00

Legbone

  • Race: Zerg Zerg
  • League: Silver
  • Spawn Location: 5:00

VOD

Have the link to the VOD?

Description

Time

  • Played on: Jan. 25, 2022, 6:32 p.m.
  • Length: 8:47
Show
View Real Time Build Order
Export as new Build Order

Pumba Protoss - Winner!

Build Orders: 1 Gate Expand, Zealot Archon 

Get SALT Encoding   

  12  0:01  Probe  
  13  0:13  Probe  
  14  0:20  Pylon  
  14  0:25  Probe  
  15  0:38  Probe (Chrono Boost)  
  15  0:40  Gateway  
  16  0:49  Assimilator  
  17  0:50  Probe (Chrono Boost)  
  17  0:56  Probe (Chrono Boost)  
  18  1:05  Probe  
  19  1:17  Probe  
  20  1:27  Nexus  
  20  1:36  Cybernetics Core  
  20  1:40  Probe  
  21  1:49  Assimilator  
  21  1:53  Probe  
  22  2:01  Pylon  
  22  2:05  Probe  
  22  2:16  Adept (Chrono Boost)  
  22  2:19  Warp Gate  
  24  2:26  Robotics Facility  
  24  2:27  Shield Battery  
  24  2:34  Probe  
  25  2:43  Stalker  
  27  2:46  Probe (Chrono Boost)  
  28  2:55  Probe (Chrono Boost)  
  28  2:58  Probe (Chrono Boost)  
  30  3:04  Probe (Chrono Boost)  
  30  3:05  Probe (Chrono Boost)  
  32  3:09  Probe (Chrono Boost)  
  32  3:12  Probe  
  33  3:16  Gateway  
  34  3:20  Gateway  
  34  3:22  Gateway, Probe  
  34  3:25  Probe  
  36  3:35  Probe  
  36  3:37  Probe  
  36  3:40  Observer (Chrono Boost)  
  39  3:41  Pylon  
  39  3:43  Stalker (Chrono Boost)  
  39  3:47  Probe  
  42  3:49  Probe  
  43  3:58  Immortal  
  47  4:11  Probe x2  
  47  4:13  Pylon  
  47  4:15  Assimilator  
  49  4:23  Probe  
  50  4:26  Stalker x2  
  54  4:31  Probe  
  54  4:32  Stalker  
  57  4:40  Probe  
  57  4:42  Assimilator  
  57  4:44  Probe, Pylon  
  59  4:46  Assimilator  
  59  4:49  Twilight Council  
  59  4:52  Probe  
  60  4:56  Probe  
  61  5:13  Gateway  
  61  5:15  Gateway x2  
  61  5:16  Gateway  
  61  5:25  Gateway  
  61  5:26  Gateway x2  
  61  5:39  Charge (Chrono Boost)  
  61  5:45  Templar Archives  
  61  5:50  Immortal (Chrono Boost), Pylon  
  61  5:51  Pylon  
  61  5:54  Pylon  
  65  5:58  Pylon  
  65  6:05  Forge  
  65  6:13  Pylon  
  65  6:18  Warp Prism (Chrono Boost)  
  67  6:43  Pylon  
  67  6:47  Zealot x9, Pylon  
  85  7:05  Photon Cannon x2  
  85  7:20  High Templar x2  
  85  7:22  High Templar x7  
  99  7:26  Archon x3  
  99  7:27  Archon  
  103  7:30  High Templar  
  103  7:35  Archon  
  91  8:01  Zealot x9  
Show
View Real Time Build Order
Export as new Build Order

Legbone Zerg 

Build Orders: Pool First 

Get SALT Encoding   

  12  0:23  Spawning Pool  
  12  0:25  Drone  
  12  0:27  Drone  
  13  0:37  Drone  
  14  0:44  Overlord  
  14  1:04  Extractor  
  13  1:25  Zergling x6  
  16  1:33  Queen  
  18  2:11  Hatchery  
  17  2:16  Zergling x4  
  19  2:38  Spore Crawler  
  18  2:57  Zergling x2  
  18  2:58  Zergling x6  
  22  3:13  Lair  
  22  3:25  Drone  
  23  3:38  Drone  
  23  3:39  Drone  
  25  3:42  Drone  
  26  4:01  Overlord x2  
  26  4:12  Drone  
  26  4:13  Drone  
  28  4:19  Overlord  
  28  4:26  Drone  
  28  4:29  Drone  
  30  4:40  Spore Crawler  
  29  4:53  Hydralisk Den, Overseer  
  28  5:03  Zergling x4  
  28  5:04  Zergling x2  
  31  5:15  Zergling x2  
  31  5:16  Zergling x4  
  31  5:21  Queen  
  36  5:35  Drone x2  
  38  5:48  Extractor  
  38  5:49  Drone x2  
  39  5:57  Extractor  
  38  6:07  Grooved Spines  
  38  6:10  Hydralisk  
  40  6:11  Hydralisk  
  40  6:13  Hydralisk  
  40  6:15  Hydralisk  
  46  6:30  Hydralisk  
  46  6:31  Hydralisk  
  50  6:36  Overlord  
  50  6:40  Metabolic Boost  
  50  6:59  Drone x3  
  50  7:00  Drone  
  54  7:14  Spore Crawler  
  52  7:32  Zergling x10  
  57  7:41  Spine Crawler  
  56  7:44  Overlord x2  
Tags
 
Add a new tag
Caveats
  • Supply blocks, unpowered buildings, or Contaminate may cause inaccurate times.
  • Supply counts are checked every 10 seconds.